TOP OF THE 1ST |
---|
Houston Marshals batting - Pitching for Kenilworth Aces : LHP Dave Smeddon | Pitching: LHP Dave Smeddon | | Batting: LHB Guy Moss | 0-0: Fly out, F5 (Popup, 56S) | Batting: RHB Javier Rentería | 0-0: Ball 1-0: Ground out 6-3 (Groundball, 6) | Batting: RHB Chris Parker | 0-0: Foul Ball, location: 2F 0-1: Foul Ball, location: 2F 0-2: Ball 1-2: Ground out 6-3 (Groundball, 6) | Top of the 1st over - 0 runs, 0 hits, 0 errors, 0 left on base; Houston 0 - Kenilworth 0 | BOTTOM OF THE 1ST |
---|
Kenilworth Aces batting - Pitching for Houston Marshals : LHP Stan Aldridge | Pitching: LHP Stan Aldridge | | Batting: LHB Barrett Waters | 0-0: Fly out, F8 (Flyball, 8RM) | Batting: LHB Roberto García | 0-0: Swinging Strike 0-1: Ball 1-1: SINGLE (Groundball, 3D) | Batting: SHB Julián Madrid | 0-0: 2-RUN HOME RUN (Flyball, 7LD), Distance : 387 ft | Batting: RHB Jorge Jiménez | 0-0: Ball 1-0: Swinging Strike 1-1: Ball 2-1: Foul Ball, location: 2F 2-2: Strikes out swinging | Batting: LHB Roy Patrick | 0-0: Ball 1-0: Ball 2-0: Ball 3-0: Called Strike 3-1: Fly out, F7 (Line Drive, 7) | Bottom of the 1st over - 2 runs, 2 hits, 0 errors, 0 left on base; Houston 0 - Kenilworth 2 | TOP OF THE 2ND |
---|
Houston Marshals batting - Pitching for Kenilworth Aces : LHP Dave Smeddon | Batting: SHB Ramón Lugo | 0-0: Ball 1-0: Called Strike 1-1: Foul Ball, location: 2F 1-2: Foul Ball, location: 2F 1-2: Foul Ball, location: 2F 1-2: Foul Ball, location: 2F 1-2: Ground out 5-3 (Groundball, 5) | Batting: RHB Jim Tracy | 0-0: Ball 1-0: Ball 2-0: Swinging Strike 2-1: Called Strike 2-2: Foul Ball, location: 2F 2-2: Ground out 1-3 (Groundball, 13S) | Batting: SHB Juan Gómez | 0-0: Fly out, F9 (Flyball, 89M) | Top of the 2nd over - 0 runs, 0 hits, 0 errors, 0 left on base; Houston 0 - Kenilworth 2 | BOTTOM OF THE 2ND |
---|
Kenilworth Aces batting - Pitching for Houston Marshals : LHP Stan Aldridge | Batting: RHB Wilbert Rodgers | 0-0: Ball 1-0: Ball 2-0: Foul Ball, location: 2F 2-1: Fly out, F4 (Line Drive, 4) | Batting: RHB Andrés Lara | 0-0: Fly out, F8 (Flyball, 89S) | Batting: LHB Jim Jensen | 0-0: Foul Ball, location: 2F 0-1: Ball 1-1: SINGLE (Groundball, 34D) | Batting: RHB Taylor McFarland | 0-0: Ball 1-0: Fielders Choice at 2nd, 6-4 (Groundball, 6) | Bottom of the 2nd over - 0 runs, 1 hit, 0 errors, 1 left on base; Houston 0 - Kenilworth 2 | TOP OF THE 3RD |
---|
Houston Marshals batting - Pitching for Kenilworth Aces : LHP Dave Smeddon | Batting: RHB Esteban Lara | 0-0: Fly out, F8 (Flyball, 8RS) | Batting: LHB José Rodríguez | 0-0: Swinging Strike 0-1: Called Strike 0-2: Foul Ball, location: 2F 0-2: Ball 1-2: Strikes out swinging | Batting: RHB Michael Thomas | 0-0: Fly out, F8 (Flyball, 8RM) | Top of the 3rd over - 0 runs, 0 hits, 0 errors, 0 left on base; Houston 0 - Kenilworth 2 | BOTTOM OF THE 3RD |
---|
Kenilworth Aces batting - Pitching for Houston Marshals : LHP Stan Aldridge | Batting: LHB Barrett Waters | 0-0: Ball 1-0: Called Strike 1-1: DOUBLE (Flyball, 8RXD) | Batting: LHB Roberto García | 0-0: Called Strike 0-1: SINGLE (Line Drive, 78S) Barrett Waters to third | Batting: SHB Julián Madrid | 0-0: Ball 1-0: Called Strike 1-1: Ball 2-1: Called Strike 2-2: Ball 3-2: Strikes out looking Roberto García is caught stealing 2nd base Batter strikes out. | Batting: RHB Jorge Jiménez | 0-0: Ball 1-0: Ball 2-0: Ball 3-0: Base on Balls | Batting: LHB Roy Patrick | 0-0: Ball 1-0: Called Strike 1-1: Foul Ball, location: 2F 1-2: Foul Ball, location: 2F 1-2: Ball 2-2: Ball 3-2: Foul Ball, location: 2F 3-2: Base on Balls Jorge Jiménez to second | Batting: RHB Wilbert Rodgers | 0-0: Ball 1-0: Fielders Choice at 2nd, 6-4 (Groundball, 6) | Bottom of the 3rd over - 0 runs, 2 hits, 0 errors, 3 left on base; Houston 0 - Kenilworth 2 | TOP OF THE 4TH |
---|
Houston Marshals batting - Pitching for Kenilworth Aces : LHP Dave Smeddon | Batting: LHB Guy Moss | 0-0: Foul Ball, location: 2F 0-1: Ball 1-1: Called Strike 1-2: Ball 2-2: Strikes out swinging | Batting: RHB Javier Rentería | 0-0: Called Strike 0-1: SINGLE (Line Drive, 8RS) | Batting: RHB Chris Parker | 0-0: Called Strike 0-1: Ball 1-1: Foul Ball, location: 2F 1-2: Ball 2-2: SINGLE (Groundball, 6) (infield hit) Javier Rentería to second | Batting: SHB Ramón Lugo | 0-0: Called Strike 0-1: Foul Ball, location: 2F 0-2: Ball 1-2: Strikes out looking | Batting: RHB Jim Tracy | 0-0: Called Strike 0-1: Ball 1-1: SINGLE (Groundball, 56D) Javier Rentería to third Chris Parker to second Runner from 3rd tries for Home, SAFE, no throw | Batting: SHB Juan Gómez | 0-0: Called Strike 0-1: Called Strike 0-2: Strikes out swinging | Top of the 4th over - 1 run, 3 hits, 0 errors, 2 left on base; Houston 1 - Kenilworth 2 | BOTTOM OF THE 4TH |
---|
Kenilworth Aces batting - Pitching for Houston Marshals : LHP Stan Aldridge | Batting: RHB Andrés Lara | 0-0: Ground out 4-3 (Groundball, 4) | Batting: LHB Jim Jensen | 0-0: Called Strike 0-1: Called Strike 0-2: Ball 1-2: Ball 2-2: Ground out 4-3 (Groundball, 4) | Batting: RHB Taylor McFarland | 0-0: Ball 1-0: Foul Ball, location: 2F 1-1: Ball 2-1: Ground out 6-3 (Groundball, 6) | Bottom of the 4th over - 0 runs, 0 hits, 0 errors, 0 left on base; Houston 1 - Kenilworth 2 | TOP OF THE 5TH |
---|
Houston Marshals batting - Pitching for Kenilworth Aces : RHP Bartolo García | Pitching: RHP Bartolo García | | Batting: RHB Esteban Lara | 0-0: Reaches on Catchers interference | Batting: LHB José Rodríguez | 0-0: Ball 1-0: Ball 2-0: Swinging Strike 2-1: SINGLE (Groundball, 4MD) Esteban Lara to second Runner from 2nd tries for 3rd, SAFE, no throw | Batting: RHB Michael Thomas | 0-0: Ball 1-0: Called Strike 1-1: Foul Ball, location: 2F 1-2: Ball 2-2: Foul Ball, location: 2F 2-2: Ball 3-2: Foul Ball, location: 2F 3-2: Strikes out swinging | Batting: LHB Guy Moss | 0-0: Fly out, F8 (Flyball, 8LM) Runner from 3rd tags up, SCORES, throw made | Batting: RHB Javier Rentería | 0-0: Ball 1-0: Foul Ball, location: 2F 1-1: Called Strike 1-2: Ground out 4-3 (Groundball, 4M) | Top of the 5th over - 1 run, 1 hit, 1 error, 1 left on base; Houston 2 - Kenilworth 2 | BOTTOM OF THE 5TH |
---|
Kenilworth Aces batting - Pitching for Houston Marshals : LHP Stan Aldridge | Batting: LHB Barrett Waters | 0-0: Foul Ball, location: 2F 0-1: Ball 1-1: Called Strike 1-2: Ball 2-2: Foul Ball, location: 2F 2-2: Ball 3-2: Foul Ball, location: 2F 3-2: Foul Ball, location: 2F 3-2: Foul Ball, location: 2F 3-2: Reached on error, E1 (Groundball, 13) | Batting: LHB Roberto García | 0-0: Foul Ball, location: 2F 0-1: Fly out, F8 (Line Drive, 89M) | Batting: SHB Julián Madrid | 0-0: Ball 1-0: Foul Ball, location: 2F 1-1: Ball 2-1: Called Strike 2-2: Foul Ball, location: 2F 2-2: Ball 3-2: SINGLE (Flyball, 8LM) Barrett Waters to second | Batting: RHB Jorge Jiménez | 0-0: Foul Ball, location: 2F 0-1: Fly out, F8 (Flyball, 8LS) | Batting: LHB Roy Patrick | 0-0: 3-RUN HOME RUN (Flyball, 9LD), Distance : 364 ft | Pitching: RHP Álex Rodríguez | | Batting: RHB Wilbert Rodgers | 0-0: Called Strike 0-1: Foul Ball, location: 2F 0-2: Ball 1-2: Ground out 6-3 (Groundball, 6) | Bottom of the 5th over - 3 runs, 2 hits, 1 error, 0 left on base; Houston 2 - Kenilworth 5 | TOP OF THE 6TH |
---|
Houston Marshals batting - Pitching for Kenilworth Aces : RHP Bartolo García | Batting: RHB Chris Parker | 0-0: Ground out 6-3 (Groundball, 6) | Batting: SHB Ramón Lugo | 0-0: Ball 1-0: Called Strike 1-1: Foul Ball, location: 2F 1-2: Ball 2-2: Ball 3-2: Foul Ball, location: 2F 3-2: Foul Ball, location: 2F 3-2: SINGLE (Flyball, 78S) | Batting: RHB Jim Tracy | 0-0: Called Strike 0-1: Ball 1-1: Ball 2-1: Ball 3-1: Base on Balls Ramón Lugo to second | Batting: SHB Juan Gómez | 0-0: Ball 1-0: Called Strike 1-1: Called Strike 1-2: Foul Ball, location: 2F 1-2: Ball 2-2: Ball 3-2: Strikes out swinging | Batting: RHB Esteban Lara | 0-0: Ball 1-0: Called Strike 1-1: Ball 2-1: DOUBLE (Flyball, 8RXD) Ramón Lugo scores Jim Tracy to third Runner from 3rd tries for Home, SAFE, throw made at trailing runner, OUT at third! | Top of the 6th over - 2 runs, 2 hits, 0 errors, 0 left on base; Houston 4 - Kenilworth 5 | BOTTOM OF THE 6TH |
---|
Kenilworth Aces batting - Pitching for Houston Marshals : RHP Álex Rodríguez | Batting: RHB Andrés Lara | 0-0: Swinging Strike 0-1: Fly out, F9 (Flyball, 89D) | Batting: LHB Jim Jensen | 0-0: Ball 1-0: Fly out, F7 (Flyball, 7) | Batting: RHB Taylor McFarland | 0-0: Foul Ball, location: 2F 0-1: Ball 1-1: Ball 2-1: DOUBLE (Line Drive, 9LM) | Batting: LHB Barrett Waters | 0-0: 2-RUN HOME RUN (Flyball, 9D), Distance : 381 ft | Batting: LHB Roberto García | 0-0: Swinging Strike 0-1: Ball 1-1: Foul Ball, location: 2F 1-2: Ball 2-2: Foul Ball, location: 2F 2-2: Ball 3-2: Foul Ball, location: 2F 3-2: DOUBLE (Line Drive, 78XD) | Batting: SHB Julián Madrid | 0-0: SINGLE (Groundball, 5D) Roberto García to third Runner from 3rd tries for Home, SAFE, no throw | Pitching: LHP Edgardo Guzmán | | Batting: RHB Jorge Jiménez | 0-0: Ball 1-0: Foul Ball, location: 2F 1-1: Swinging Strike 1-2: Ball 2-2: Strikes out swinging, 2-3 out at first. | Bottom of the 6th over - 3 runs, 4 hits, 0 errors, 1 left on base; Houston 4 - Kenilworth 8 | TOP OF THE 7TH |
---|
Houston Marshals batting - Pitching for Kenilworth Aces : RHP Bartolo García | Pitching: RHP Scot MacIntosh | | Batting: LHB José Rodríguez | 0-0: Fly out, F9 (Flyball, 9) | Batting: RHB Michael Thomas | 0-0: Ball 1-0: Ball 2-0: Ball 3-0: Called Strike 3-1: Called Strike 3-2: Strikes out swinging | Batting: LHB Guy Moss | 0-0: Ball 1-0: Ball 2-0: Called Strike 2-1: Ground out 4-3 (Groundball, 4M) | Top of the 7th over - 0 runs, 0 hits, 0 errors, 0 left on base; Houston 4 - Kenilworth 8 | BOTTOM OF THE 7TH |
---|
Kenilworth Aces batting - Pitching for Houston Marshals : LHP Edgardo Guzmán | Batting: LHB Roy Patrick | 0-0: Foul Ball, location: 2F 0-1: Fly out, F6 (Popup, 4MD) | Batting: RHB Wilbert Rodgers | 0-0: Ball 1-0: Foul Ball, location: 2F 1-1: Ground out 5-3 (Groundball, 5) | Batting: RHB Andrés Lara | 0-0: Ball 1-0: Ball 2-0: Fly out, F9 (Flyball, 9) | Bottom of the 7th over - 0 runs, 0 hits, 0 errors, 0 left on base; Houston 4 - Kenilworth 8 | TOP OF THE 8TH |
---|
Houston Marshals batting - Pitching for Kenilworth Aces : RHP Scot MacIntosh | Batting: RHB Javier Rentería | 0-0: SINGLE (Groundball, 6MD) | Batting: RHB Chris Parker | 0-0: Called Strike 0-1: Ball 1-1: Fly out, F9 (Line Drive, 89M) | Batting: SHB Ramón Lugo | 0-0: Called Strike 0-1: Swinging Strike 0-2: Ball 1-2: Ball 2-2: Ball 3-2: Base on Balls Javier Rentería to second | Batting: RHB Jim Tracy | 0-0: Ball 1-0: Ball 2-0: Called Strike 2-1: Foul Ball, location: 2F 2-2: Foul Ball, location: 2F 2-2: Ground out 5-3 (Groundball, 56S) Javier Rentería to third Ramón Lugo to second | Batting: SHB Juan Gómez | 0-0: Ball 1-0: Foul Ball, location: 2F 1-1: Called Strike 1-2: Strikes out swinging | Top of the 8th over - 0 runs, 1 hit, 0 errors, 2 left on base; Houston 4 - Kenilworth 8 | BOTTOM OF THE 8TH |
---|
Kenilworth Aces batting - Pitching for Houston Marshals : LHP Edgardo Guzmán | Batting: LHB Jim Jensen | 0-0: Called Strike 0-1: Ball 1-1: Ground out 4-3 (Groundball, 4MD) | Batting: RHB Taylor McFarland | 0-0: Called Strike 0-1: Ball 1-1: Fly out, F9 (Flyball, 9LMF) | Batting: LHB Barrett Waters | 0-0: Ball 1-0: Foul Ball, location: 2F 1-1: Fly out, F8 (Flyball, 8LS) | Bottom of the 8th over - 0 runs, 0 hits, 0 errors, 0 left on base; Houston 4 - Kenilworth 8 | TOP OF THE 9TH |
---|
Houston Marshals batting - Pitching for Kenilworth Aces : RHP Scot MacIntosh | Batting: RHB Esteban Lara | 0-0: Called Strike 0-1: Swinging Strike 0-2: Ball 1-2: Ball 2-2: Ball 3-2: Strikes out swinging | Batting: LHB José Rodríguez | 0-0: Called Strike 0-1: Ball 1-1: Ground out 6-3 (Groundball, 6M) | Batting: RHB Michael Thomas | 0-0: Foul Ball, location: 2F 0-1: Foul Ball, location: 2F 0-2: Foul Ball, location: 2F 0-2: Ball 1-2: Ball 2-2: Strikes out swinging | Top of the 9th over - 0 runs, 0 hits, 0 errors, 0 left on base; Houston 4 - Kenilworth 8 | |